 Dungeon Crawl Stone Soup version 0.20.0-8-g6b59dc7 (webtiles) character file.

71928 melvik the Warrior (level 14, -6/141 HPs)
             Began as a Minotaur Berserker on May 29, 2017.
             Was a High Priest of Trog.
             Shot with an arrow by a centaur warrior (13 damage)
             ... on level 13 of the Dungeon on May 31, 2017.
             The game lasted 02:19:27 (24935 turns).

melvik the Warrior (Minotaur Berserker)            Turns: 24935, Time: 02:19:27

Health: -6/141     AC: 15    Str: 24    XL:     14   Next: 99%
Magic:  13/13      EV: 19    Int:  4    God:    Trog [*****.]
Gold:   1263       SH:  0    Dex: 17    Spells: 13/13 levels left

rFire    . . .     SeeInvis .   g - +8 whip "Snakebite" {curare, rPois}
rCold    + . .     Gourm    .   (no shield)
rNeg     . . .     Faith    .   P - +1 scale mail {rC+}
rPois    +         Spirit   .   (helmet restricted)
rElec    .         Reflect  .   N - +0 cloak
rCorr    .         Harm     .   h - +0 pair of gloves
MR       +++..                  w - +0 pair of boots {Stlth+}
Stlth    +.........             (no amulet)
Regen    1.4/turn               e - ring of flight
MPRegen  0.2/turn               H - +4 ring of dexterity

@: about to teleport, regenerating, drained
A: retaliatory headbutt, horns 2
a: Berserk, Trog's Hand, Brothers in Arms, Burn Spellbooks, Renounce Religion,
Evoke Flight


You were on level 13 of the Dungeon.
You worshipped Trog.
Trog was extremely pleased with you.
You were not hungry.

You visited 4 branches of the dungeon, and saw 21 of its levels.

You collected 1263 gold pieces.

Inventory:

Hand Weapons
 g - the +8 whip "Snakebite" (weapon) {curare, rPois}
   (You found it on level 4 of the Lair of Beasts)

   It poisons the flesh of those it strikes.
   It protects you from poison.
 p - a +5 shortbow of flaming
 r - a +1 spear of piercing
 O - a +0 flail
 Q - a +6 antimagic great mace
Missiles
 W - 314 arrows
Armour
 h - a +0 pair of gloves (worn)
 w - a +0 pair of boots of stealth (worn)
 F - a +0 plate armour
 N - a +0 cloak (worn)
 P - a +1 scale mail of cold resistance (worn)
 Z - a +0 troll leather armour
Jewellery
 e - a ring of flight (left hand)
 H - a +4 ring of dexterity (right hand)
Wands
 x - a wand of polymorph (18/24)
 A - a wand of lightning (7/15)
 G - a wand of flame (28/48)
 S - a wand of random effects (19/48)
 U - a wand of random effects (30/48)
 X - a wand of iceblast (7/15)
Scrolls
 f - 7 scrolls of teleportation
 j - a scroll of noise {unknown}
 k - 3 scrolls of fear
 l - 5 scrolls of remove curse
 m - 2 scrolls of enchant armour
 o - 3 scrolls of random uselessness {unknown}
 q - 3 scrolls of fog
 t - a scroll of blinking
 u - 2 scrolls of brand weapon {unknown}
 y - a scroll of recharging
 z - a scroll of vulnerability {unknown}
 B - 3 scrolls of enchant weapon
 I - 4 scrolls of immolation {unknown}
 K - 3 scrolls of magic mapping
 R - 2 scrolls of holy word {unknown}
 Y - a scroll of identify
Potions
 d - 4 potions of curing
 n - 3 potions of agility
 C - 3 potions of heal wounds {unknown}
 D - 3 potions of mutation
 L - 2 potions of berserk rage {unknown}
 T - 2 potions of ambrosia {unknown}
 V - 2 potions of flight {unknown}
Miscellaneous
 J - a crystal ball of energy
Comestibles
 b - 22 royal jellies
 c - 11 bread rations
 i - 6 meat rations
 M - 4 fruits


   Skills:
 * Level 17.8(17.4) Fighting
 * Level 17.0(16.6) Maces & Flails
 + Level 13.4(12.9) Armour
 + Level 12.6(12.2) Dodging
 - Level 0.1(0.0) Stealth


You had 13 spell levels left.
You didn't know any spells.

Dungeon Overview and Level Annotations

Branches:
Dungeon (13/15)            Temple (1/1) D:6            Lair (6/6) D:9
  Swamp (1/4) Lair:2        Snake (0/4) Lair:3        Slime (0/5) Lair:6
    Orc (0/2) D:10
 Vaults: D:13-14

Altars:
Cheibriados
Dithmenos
Fedhas
Hepliaklqana
Nemelex Xobeh
Sif Muna
Uskayaw
Xom
Yredelemnul

Shops:
D:4 !

Annotations:
D:11 Sonja
D:12 exclusion: oklob plant


Innate Abilities, Weirdness & Mutations

You reflexively headbutt those who attack you in melee.
You have a pair of horns on your head.


Message History

You are starving!
The centaur warrior shoots an arrow.
The arrow hits you.
* * * LOW HITPOINT WARNING * * *
The centaur warrior shoots an arrow.
The arrow hits you but does no damage.
The orc priest mumbles some strange prayers to Beogh against you.
Beogh smites you!
* * * LOW HITPOINT WARNING * * *
Okay, then.
As you read the scroll of teleportation, it crumbles to dust.
You feel strangely unstable.
The orc priest hits you but does no damage.
You hit the orc priest.
The orc priest looks even sicker.
The orc priest looks as sick as possible!
The orc priest convulses.
You kill the orc priest!
Trog accepts your kill.
You're too hungry.
You eat one of the 23 royal jellies.
That royal jelly was delicious!
The centaur warrior shoots an arrow.
The arrow hits you!
You die...

#.# #.# #.....##### #.# ####.#
#.........# #.# #....#
#.........####
#.####.###########............###
#...................o............
######.#########.....oo..........
#.# #.#........#...##. #.#
#######o#####....#...###
#.#.#.....#@# #....#...#
##.#.#.....#)# #....#####
#..#.#.....#.# #####
#(.#.#####.#c# #..#.#
#.#.########.
#####..#.#####.#>(.....c'.
#....(.#.......#.....####.
#.###..))..)##.#.....#
##.#.##.##.#.....+


You could see a centaur warrior and an orc.

Vanquished Creatures
  A slime creature (D:13)
  4 hydras
  3 catoblepae (Lair:6)
  3 two-headed ogres
  A centaur warrior (D:13)
  12 death yaks
  2 alligators
  Urug (Lair:2)
  7 skeletal warriors
  2 unseen horrors
  An ugly thing (D:12)
  4 manticores
  A centaur zombie (D:12)
  A cyclops (D:11)
  Psyche (D:12)
  10 black mambas
  13 spiny frogs
  A gargoyle (D:13)
  2 rime drakes (Lair:5)
  10 komodo dragons
  A polar bear (Lair:6)
  2 trolls
  2 queen bees
  3 meliai (Lair:5)
  Prince Ribbit (D:9)
  11 dream sheep
  30 blink frogs
  13 hippogriffs
  3 wyverns
  Sigmund (D:3)
  51 yaks
  Eustachio (D:6)
  3 basilisks
  4 nagas (Lair:3)
  An acid dragon (D:7)
  15 water moccasins
  11 porcupines
  7 sky beasts
  10 orc warriors
  5 black bears
  3 ice beasts
  2 phantoms
  2 eyes of draining
  6 ogres
  A necrophage (D:7)
  16 wolves
  10 centaurs
  7 crocodiles
  A big kobold (D:13)
  14 bullfrogs
  A water moccasin skeleton (D:11)
  5 scorpions
  47 killer bees
  3 wights (D:12)
  4 howler monkeys
  5 bullfrog zombies
  16 crimson imps
  2 bullfrog skeletons
  6 jellies
  7 hounds
  8 orc priests
  5 centaur skeletons
  Crazy Yiuf (D:2)
  4 iguanas
  A gnoll shaman (D:4)
  Natasha (twice) (D:2)
  10 orc wizards
  11 worker ants
  3 worker ant zombies
  18 adders
  7 gnolls
  A shadow imp (D:13)
  2 white imps (D:9)
  3 oozes
  An adder zombie (D:5)
  5 worms
  3 dart slugs
  5 leopard geckos
  65 orcs
  3 bats
  4 giant cockroaches
  7 goblins
  3 hobgoblins
  8 kobolds
  4 quokkas
  3 ball pythons
  A frilled lizard (D:1)
  A jackal skeleton (D:7)
  A leopard gecko zombie (D:8)
  15 rats
  A fungus (Lair:4)
619 creatures vanquished.

Vanquished Creatures (others)
  20 fungi
  30 plants
50 creatures vanquished.

Grand Total: 669 creatures vanquished

Notes
Turn   | Place    | Note
-------+----------+-------------------------------------------
     0 | D:1      | melvik the Minotaur Berserker began the quest for the Orb.
     0 | D:1      | Reached XP level 1. HP: 19/19 MP: 0/0
   238 | D:1      | Reached XP level 2. HP: 26/26 MP: 1/1
   998 | D:2      | Reached skill level 5 in Maces & Flails
   998 | D:2      | Reached XP level 3. HP: 22/31 MP: 2/2
  1013 | D:2      | Reached ** piety under Trog
  1372 | D:2      | Found a runed door.
  1545 | D:2      | Reached XP level 4. HP: 35/40 MP: 3/3
  1582 | D:2      | Noticed Natasha
  1590 | D:2      | Killed Natasha
  1634 | D:2      | Found a sparkling altar of Nemelex Xobeh.
  1663 | D:2      | Noticed Natasha
  1676 | D:2      | Killed Natasha
  1751 | D:2      | Reached XP level 5. HP: 47/47 MP: 4/4
  1944 | D:2      | Noticed Crazy Yiuf
  1955 | D:2      | Killed Crazy Yiuf
  2296 | D:3      | Noticed Sigmund
  2336 | D:3      | Killed Sigmund
  2336 | D:3      | Reached skill level 5 in Fighting
  2336 | D:3      | Reached XP level 6. HP: 56/56 MP: 5/5
  2570 | D:3      | Found a faded altar of an unknown god.
  2570 | D:3      | Found a hazy altar of Hepliaklqana.
  2575 | D:3      | Found a shimmering altar of Xom.
  2577 | D:3      | Found a snail-covered altar of Cheibriados.
  2579 | D:3      | Found a blossoming altar of Fedhas.
  3054 | D:4      | Reached XP level 7. HP: 57/62 MP: 6/6
  3056 | D:4      | Reached *** piety under Trog
  3545 | D:4      | Found Poguse's Distillery.
  3837 | D:4      | Upgraded the game from 0.20.0-7-g3b7b877 to 0.20.0-8-g6b59dc7
  3842 | D:5      | Entered Level 5 of the Dungeon
  4385 | D:5      | Reached skill level 5 in Armour
  4385 | D:5      | Reached XP level 8. HP: 59/71 MP: 7/7
  5040 | D:6      | Noticed Eustachio
  5059 | D:6      | Killed Eustachio
  5112 | D:6      | You fall through a shaft for 3 floors!
  5771 | D:6      | Reached skill level 5 in Dodging
  5815 | D:6      | Found a staircase to the Ecumenical Temple.
  6058 | Temple   | Entered the Ecumenical Temple
  6133 | D:7      | Reached **** piety under Trog
  6191 | D:7      | Reached XP level 9. HP: 82/82 MP: 8/8
  6270 | D:7      | Noticed a manticore
  6288 | D:7      | Killed a manticore
  6336 | D:7      | Reached skill level 10 in Maces & Flails
  7194 | D:8      | Reached skill level 10 in Fighting
  7239 | D:8      | Reached ***** piety under Trog
  7240 | D:8      | Found a sparkling altar of Nemelex Xobeh.
  7389 | D:8      | Noticed a five-headed hydra
  7390 | D:8      | Noticed a two-headed ogre
  7403 | D:8      | Killed a five-headed hydra
  7403 | D:8      | Reached XP level 10. HP: 94/94 MP: 9/9
  7464 | D:8      | Killed a two-headed ogre
  7860 | D:8      | Received a gift from Trog
  8192 | D:9      | Found a staircase to the Lair.
  8213 | D:9      | Noticed Prince Ribbit
  8219 | D:9      | Killed Prince Ribbit
  8653 | D:9      | Found a deep blue altar of Sif Muna.
  8760 | D:9      | Reached XP level 11. HP: 104/104 MP: 10/10
  8923 | Lair:1   | Entered Level 1 of the Lair of Beasts
  9001 | Lair:1   | Noticed a five-headed hydra
  9014 | Lair:1   | Killed a five-headed hydra
 10900 | Lair:2   | Found a staircase to the Swamp.
 10909 | Lair:2   | Reached skill level 10 in Armour
 10945 | Lair:2   | Noticed Urug
 10966 | Lair:2   | Killed Urug
 11437 | Lair:2   | Received a gift from Trog
 11437 | Lair:2   | Reached XP level 12. HP: 79/115 MP: 11/11
 13071 | Lair:3   | Found a staircase to the Snake Pit.
 15407 | Lair:4   | Reached skill level 15 in Maces & Flails
 15581 | Lair:4   | Reached skill level 10 in Dodging
 16024 | Lair:5   | Reached XP level 13. HP: 125/125 MP: 12/12
 16053 | Lair:5   | Reached skill level 15 in Fighting
 16658 | Lair:6   | Entered Level 6 of the Lair of Beasts
 17602 | Lair:6   | Received a gift from Trog
 18516 | Lair:6   | Found a staircase to the Slime Pits.
 19139 | Lair:6   | Reached XP level 14. HP: 138/138 MP: 13/13
 19982 | Swamp:1  | Entered Level 1 of the Swamp
 20309 | D:10     | Entered Level 10 of the Dungeon
 20378 | D:10     | Received a gift from Trog
 21235 | D:10     | Found a staircase to the Orcish Mines.
 21594 | D:11     | Noticed Sonja
 22159 | D:11     | Reached ****** piety under Trog
 22446 | D:11     | Received a gift from Trog
 22986 | D:12     | Found a blossoming altar of Fedhas.
 23289 | D:12     | Noticed Psyche
 23296 | D:12     | Killed Psyche
 23730 | D:12     | Found a shimmering altar of Xom.
 24932 | D:13     | HP: 3/141 [orc priest/divine providence (16)]
 24935 | D:13     | Shot with an arrow by a centaur warrior

Skill      XL: |  1  2  3  4  5  6  7  8  9 10 11 12 13 14 |
---------------+-------------------------------------------+-----
Maces & Flails | 4 5 6 7 8 9 11 12 13 15 17 | 17.0
Fighting       | 4 5 6 8 10 11 13 14 16 17 | 17.8
Armour         | 3 4 5 6 7 9 10 11 12 13 | 13.4
Dodging        | 3 4 5 6 7 8 10 11 12 | 12.6
Stealth        | |  0.1

Action                   |  1- 3 |  4- 6 |  7- 9 | 10-12 | 13-15 || total
-------------------------+-------+-------+-------+-------+-------++-------
Melee: Mace              |    86 |    75 |   136 |       |       ||   297
       Headbutt          |     6 |    15 |    74 |   203 |   277 ||   575
       Unarmed           |       |     7 |       |       |       ||     7
       Flail             |       |       |   195 |   681 |       ||   876
       Whip              |       |       |       |    22 |   915 ||   937
Invok: Berserk           |     2 |     8 |    11 |     3 |    11 ||    35
       Burn Spellbooks   |       |       |       |       |     2 ||     2
       Trog's Hand       |       |       |       |       |     1 ||     1
  Use: Scroll            |       |       |     9 |     9 |     6 ||    24
       Potion            |       |       |     4 |       |       ||     4
 Stab: Distracted        |     1 |       |       |       |     1 ||     2
       Petrifying        |       |       |       |       |     1 ||     1
  Eat: Chunk             |     4 |     9 |    17 |    19 |    25 ||    74
       Meat ration       |       |     1 |     1 |     1 |     1 ||     4
       Fruit             |       |       |       |     8 |     5 ||    13
       Royal jelly       |       |       |       |       |     2 ||     2
Armor: Animal skin       |    14 |       |       |       |       ||    14
       Leather armour    |     3 |     8 |       |       |       ||    11
       Chain mail        |       |    15 |    19 |       |       ||    34
       Plate armour      |       |       |   130 |   205 |       ||   335
       Scale mail        |       |       |       |    88 |   218 ||   306
Dodge: Dodged            |    54 |    39 |   123 |   345 |   549 ||  1110
